 Dungeon Crawl Stone Soup version 0.30-a0-1035-g38d5fb2972 (webtiles) character file.

Game seed: 5594614347719999572

15724 Kenran the Grappler (level 12, -3/115 HPs)
             Began as a Minotaur Brigand on Apr 8, 2023.
             Was an Elder of Ashenzari.
             Slain by a salamander
             ... wielding a +0 trident
              (8 damage)
             ... in a volcano.
             The game lasted 00:33:06 (13040 turns).

Kenran the Grappler (Minotaur Brigand)             Turns: 13040, Time: 00:33:07

Health: -3/115     AC: 21    Str: 20    XL:     12   Next: 3%
Magic:  11/11      EV:  8    Int:  8    God:    Ashenzari [****..]
Gold:   798        SH: 11    Dex: 13    Spells: 11/11 levels left

rFire   . . .      SeeInvis +      - Unarmed
rCold   . . .      Faith    .    A - +0 kite shield
rNeg    . . .      Spirit   .    n - +0 chain mail "Esoteric Negation" {Self, Alch} (curse)
rPois   .          Reflect  .    (helmet restricted)
rElec   +          Rampage  .    I - +2 cloak
rCorr   +          Clarity  +    x - +2 pair of gloves "Circumscribed Together" {Fort, Elem} (curse)
Will    +....                    o - +0 pair of boots of the Mantic Burden {Evo, Cun} (curse)
Stlth   +                        w - amulet of the Tethered Chagrin {Acrobat, Elem, Alch} (curse)
HPRegen 0.39/turn                C - ring of Curses and Power {Slay+4, Fort, Alch} (curse)
MPRegen 0.12/turn                g - ring "I Foresaw This" {rElec Will+ rCorr Stlth+, Fort, Cun} (curse)

@: mighty, hasted, very quick
A: horns 2, retaliatory headbutt
a: Renounce Religion, Shatter the Chains


You were in a volcano.
You worshipped Ashenzari.
Ashenzari was greatly pleased with you.
You visited 2 branches of the dungeon, and saw 11 of its levels.
You also visited: Bailey and Volcano.

You collected 798 gold pieces.

Inventory:

Hand Weapons
 G - the +7 Throatcutter {drain, coup de grace}
   (You found it on level 8 of the Dungeon)
Missiles
 d - 55 poisoned darts (quivered)
 e - 5 curare-tipped darts
Armour
 n - the cursed +0 chain mail "Esoteric Negation" (worn) {Self, Alch}
   (You found it on level 1 of the Dungeon)

   It has a curse which improves the following skills: Introspection: Fighting
   and Spellcasting.
   Alchemy:   Poison Magic and Transmutations.
 o - the cursed +0 pair of boots of the Mantic Burden (worn) {Evo, Cun}
   (You found it on level 1 of the Dungeon)

   It has a curse which improves the following skills: Evocations: Evocations.
   Cunning:   Dodging and Stealth.
 x - the cursed +2 pair of gloves "Circumscribed Together" (worn) {Fort, Elem}
   (You found it on level 2 of the Dungeon)

   It has a curse which improves the following skills: Fortitude: Armour and
   Shields.
   Elements:  Fire Magic, Ice Magic, Air Magic and Earth Magic.
 A - a +0 kite shield (worn)
 I - a +2 cloak (worn)
Jewellery
 g - the cursed ring "I Foresaw This" (right hand) {rElec Will+ rCorr Stlth+, Fort, Cun}
   (You acquired it on level 8 of the Dungeon)

   [ring of resist corrosion]

   rElec:     It insulates you from electricity.
   rCorr:     It protects you from acid and corrosion.
   Will:      It increases your willpower.
   Stlth:     It makes you more stealthy.
   It has a curse which improves the following skills: Fortitude: Armour and
   Shields.
   Cunning:   Dodging and Stealth.
 w - the cursed amulet of the Tethered Chagrin (around neck) {Acrobat, Elem, Alch}
   (You found it on level 3 of the Dungeon)

   [amulet of the acrobat]

   It increases your evasion while moving and waiting.
   It has a curse which improves the following skills: Elements: Fire Magic, Ice
   Magic, Air Magic and Earth Magic.
   Alchemy:   Poison Magic and Transmutations.
 C - the cursed ring of Curses and Power (left hand) {Slay+4, Fort, Alch}
   (You found it on level 7 of the Dungeon)

   [ring of slaying]

   Slay:      It affects your accuracy & damage with ranged weapons and melee
   (+4).
   It has a curse which improves the following skills: Fortitude: Armour and
   Shields.
   Alchemy:   Poison Magic and Transmutations.
 H - the ring "Memoan" {rF+ Str+2}
   (You found it on level 10 of the Dungeon)

   [ring of protection from fire]

   Str:       It affects your strength (+2).
   rF:        It protects you from fire.
Wands
 p - a wand of flame (40)
 D - a wand of mindburst (12)
 F - a wand of polymorph (9)
Scrolls
 c - a scroll of amnesia
 f - 3 scrolls of immolation {!r}
 h - a scroll of brand weapon
 k - 4 scrolls of fear
 m - 4 scrolls of enchant armour
 q - 3 scrolls of poison {!r}
 r - 2 scrolls of magic mapping
 t - a scroll of butterflies
 u - 7 scrolls of fog
 v - 7 scrolls of teleportation
 y - a scroll of silence
 z - 4 scrolls of blinking
Potions
 a - 2 potions of flight
 b - a potion of ambrosia
 i - a potion of haste
 j - a potion of cancellation
 l - 2 potions of heal wounds {@q2}
 E - 2 potions of brilliance


   Skills:
 - Level 11.2(13.0) Fighting
 - Level 2.1 Short Blades
 - Level 2.0 Throwing
 - Level 9.5(13.1) Armour
 - Level 1.1(2.7) Dodging
 - Level 3.2(5.5) Stealth
 - Level 6.4(10.0) Shields
 - Level 14.0 Unarmed Combat
 + Level 6.2(8.1) Evocations


You had 11 spell levels left.
You didn't know any spells.
Your spell library contained the following spells:

 Spells                   Type           Power      Damage    Failure   Level
 Apportation              Tloc           0%         N/A       99%         1
 Magic Dart               Conj           0%         1d3       99%         1
 Passwall                 Tmut/Erth      0%         N/A       99%         2
 Poisonous Vapours        Pois/Air       0%         N/A       99%         2
 Blink                    Tloc           0%         N/A       100%        2
 Ensorcelled Hibernation  Hex/Ice        0%         N/A       100%        2
 Searing Ray              Conj           0%         2d4       100%        2
 Dazzling Flash           Conj/Hex       0%         N/A       100%        3
 Ignite Poison            Fire/Tmut/Pois 0%         N/A       100%        3
 Mephitic Cloud           Conj/Pois/Air  0%         N/A       100%        3
 Spider Form              Tmut/Pois      0%         N/A       100%        3
 Swiftness                Air            0%         N/A       100%        3
 Volatile Blastmotes      Fire/Tloc      0%         2d10      100%        3
 Anguish                  Hex/Necr       0%         N/A       100%        4
 Fulminant Prism          Conj/Hex       0%         3d5       100%        4
 Iskenderun's Mystic Bla  Conj/Tloc      0%         2d3       100%        4
 Manifold Assault         Tloc           0%         N/A       100%        4
 Sticky Flame             Conj/Fire      0%         2d3       100%        4
 Alistair's Intoxication  Tmut/Pois      0%         N/A       100%        5
 Freezing Cloud           Conj/Ice/Air   0%         6-21      100%        5
 Starburst                Conj/Fire      0%         6d3       100%        6
 Storm Form               Tmut/Air       0%         N/A       100%        7
 Ignition                 Fire           0%         3d3       100%        8


Dungeon Overview and Level Annotations

Branches:
Dungeon (10/15)            Temple (0/1) D:5            Lair (1/5) D:10
    Orc (0/2) D:9          Bailey (visited)         Volcano (1/1)

Altars:
Ashenzari
Dithmenos
Hepliaklqana
Ru
Sif Muna
Trog
Vehumet
Xom

Annotations:
D:3 exclusion: 2 downstairs
D:5 3 runed translucent doors, IndexError's ghost, novice GrIE
D:10 2 transporters, fluxer's ghost, novice HOFi


Innate Abilities, Weirdness & Mutations

You have a pair of horns on your head.
You reflexively headbutt those who attack you in melee.


Message History

The red draconian is almost dead.
You pummel the red draconian!!
You kill the red draconian!
Your base Evocations skill increases to level 6!
You have reached level 12!
You feel agile.
There is a large open door, spattered with blood here.
Things that are here:
a +0 halberd of flaming; a +0 cloak You now have 770 gold pieces (gained 12).
i - a potion of haste
l - a potion of heal wounds {@q2} You now have 777 gold pieces (gained 7).
The air gets thick with the scent of sulphur.
E - 2 potions of brilliance (gained 1)
l - 2 potions of heal wounds {@q2} (gained 1)
You now have 788 gold pieces (gained 11).
In the distance, the volcano erupts with a roar.
You now have 798 gold pieces (gained 10).
You see here a +0 leather armour of fire resistance.
There is a burning altar of Makhleb here.
You open the large door. 2 salamanders come into view.
The salamander hits you but does no damage.
There is a large open door here.
You punch the salamander! You headbutt the salamander!
The salamander is heavily wounded.
The salamander hits you with a +0 trident!
* * * LOW HITPOINT WARNING * * *
You are engulfed in flames!
* * * LOW HITPOINT WARNING * * *
You block the salamander's attack.
You punch the salamander!
The salamander is severely wounded.
You hit the salamander but do no damage.
The salamander is severely wounded.
The salamander hits you from afar with a +0 trident.
* * * LOW HITPOINT WARNING * * *
You are engulfed in flames!
You die...

####§#### ##≈≈§§≈≈≈##
###≈§≈§§§§≈§##
###≈§§≈§§§§§§§≈####
*§§≈§§#######§§≈≈≈##
##§§§###.....###§≈≈≈##
#§§§##N#.....#.##≈≈§§#
#≈§§#..'.[...'..#§≈≈§##
#.N@.._..)..##≈≈§§# ~
~#...#.....#...#≈§≈§§
≈§§#...#######...#≈≈≈§≈
~
~§≈≈#...+[).!!+...#≈≈§≈≈
**
~≈≈§#...#..≈..#)..#≈≈≈≈#
*
≈≈≈#...#8≈≈≈8#)..#≈≈≈##
~≈≈≈##..+..≈..+..##≈≈≈≈#
≈≈ #..+.....+..# ≈≈≈# *
~~§#*{#8...8#)##§ ≈##


You could see 2 salamanders.

Vanquished Creatures
  A red draconian (Volcano)
  A hydra (D:9)
  A boulder beetle (D:9)
  A two-headed ogre (D:10)
  A salamander mystic (Volcano)
  A wizard (D:10)
  3 salamanders (Volcano)
  Maurice (D:8)
  Joseph (D:8)
  Maggie (D:7)
  A komodo dragon (Lair:1)
  3 kobold demonologists (D:8)
  Psyche (D:8)
  A cane toad (Lair:1)
  2 trolls (D:9)
  A hornet (D:9)
  6 slime creatures
  Sigmund (D:2)
  A wraith (D:9)
  3 wyverns
  3 yaks (D:10)
  2 water moccasins
  9 orc warriors
  5 ice beasts
  4 black bears
  3 ogres (D:9)
  9 kobold brigands
  5 bullfrogs
  6 gnoll sergeants
  4 scorpions
  7 wights
  8 killer bees
  3 hounds
  A jelly (D:5)
  3 gnoll boudas
  16 orc wizards
  5 iguanas
  2 sleepcaps
  A statue (D:9)
  26 gnolls
  6 adders
  2 shadow imps
  A white imp (D:8)
  2 ufetubi
  A worm (D:3)
  3 dart slugs
  62 orcs
  5 ball pythons
  5 endoplasms
  2 giant cockroaches (D:1)
  17 goblins
  6 hobgoblins
  10 jackals
  2 quokkas
  3 bats
  5 frilled lizards
  31 kobolds
  3 rats
320 creatures vanquished.

Vanquished Creatures (others)
  11 plants (D:3)
11 creatures vanquished.

Grand Total: 331 creatures vanquished

Notes
Turn   | Place    | Note
-------+----------+-------------------------------------------
     0 | D:1      | Kenran the Minotaur Brigand began the quest for the Orb.
     0 | D:1      | Reached XP level 1. HP: 18/18 MP: 0/0
    35 | D:1      | Reached skill level 1 in Unarmed Combat
   112 | D:1      | Reached XP level 2. HP: 23/25 MP: 1/1
   148 | D:1      | Reached skill level 2 in Unarmed Combat
   772 | D:1      | Reached XP level 3. HP: 30/30 MP: 2/2
  1197 | D:2      | Found a faded altar of an unknown god.
  1270 | D:2      | Reached skill level 3 in Unarmed Combat
  1285 | D:2      | Noticed Sigmund
  1466 | D:3      | Found a shimmering blue altar of Sif Muna.
  2042 | D:4      | Noticed a scorpion
  2063 | D:3      | Reached XP level 4. HP: 37/38 MP: 3/3
  2180 | D:4      | Reached skill level 4 in Unarmed Combat
  2249 | D:4      | Reached skill level 5 in Unarmed Combat
  2249 | D:4      | Reached XP level 5. HP: 8/45 MP: 4/4
  2493 | D:4      | Noticed a black bear
  2524 | D:4      | HP: 2/67 [poisoned by a gnoll]
  2562 | D:4      | Reached skill level 1 in Armour
  2763 | D:4      | Killed a black bear
  2764 | D:4      | Reached XP level 6. HP: 52/52 MP: 5/5
  3031 | D:4      | Reached skill level 6 in Unarmed Combat
  3300 | D:5      | Entered Level 5 of the Dungeon
  3531 | D:5      | Reached XP level 7. HP: 27/60 MP: 6/6
  3690 | D:5      | Reached skill level 7 in Unarmed Combat
  3725 | D:5      | Found a runed translucent gate.
  3725 | D:5      | Found a runed translucent gate.
  3725 | D:5      | Found a runed translucent gate.
  3729 | D:5      | Noticed IndexError's ghost (novice GrIE)
  3781 | D:5      | Found a broken altar of Ashenzari.
  3820 | D:5      | Became a worshipper of Ashenzari the Shackled
  3839 | D:5      | Noticed a wyvern
  3851 | D:5      | Killed a wyvern
  3852 | D:5      | Reached skill level 5 in Fighting
  4079 | D:5      | Reached skill level 8 in Unarmed Combat
  4093 | D:5      | Reached skill level 1 in Shields
  4158 | D:5      | Found a staircase to the Ecumenical Temple.
  4183 | D:5      | Reached XP level 8. HP: 69/69 MP: 7/7
  4308 | D:5      | Found a shadowy altar of Dithmenos.
  4312 | D:5      | Found a hazy altar of Hepliaklqana.
  4894 | D:2      | Found a faded altar of an unknown god.
  5018 | D:2      | Killed Sigmund
  5532 | D:6      | Reached skill level 9 in Unarmed Combat
  5922 | D:6      | Reached * piety under Ashenzari
  6602 | D:7      | Reached skill level 1 in Evocations
  6623 | D:7      | Reached XP level 9. HP: 76/78 MP: 8/8
  6630 | D:7      | Reached skill level 10 in Unarmed Combat
  6691 | D:7      | Reached skill level 5 in Armour
  7099 | D:7      | Reached ** piety under Ashenzari
  7218 | D:7      | Noticed Maggie
  7233 | D:7      | Killed Maggie
  7545 | D:7      | Found a shimmering altar of Xom.
  7545 | D:7      | Found a shimmering altar of Xom.
  7546 | D:7      | Found a shimmering altar of Xom.
  7655 | D:8      | Noticed Maurice
  7671 | D:8      | Killed Maurice
  7672 | D:8      | Reached skill level 11 in Unarmed Combat
  7684 | D:8      | Noticed Joseph
  7793 | D:8      | Found a flagged portal.
  7859 | Bailey   | Entered a bailey
  7864 | Bailey   | Noticed an orc warlord
  7864 | Bailey   | Identified a scroll of acquirement
  7977 | Bailey   | Reached XP level 10. HP: 82/91 MP: 9/9
  7992 | Bailey   | Found a runed translucent gate.
  7995 | Bailey   | Found a runed translucent gate.
  7997 | Bailey   | Found a runed translucent gate.
  8158 | D:8      | Acquired the ring of Erufuwn {rElec Will+ rCorr Stlth+}
  8365 | D:8      | Reached *** piety under Ashenzari
  8576 | D:8      | Killed Joseph
  8988 | D:8      | Reached skill level 12 in Unarmed Combat
  9135 | D:8      | Noticed Psyche
  9136 | D:8      | Reached **** piety under Ashenzari
  9143 | D:8      | Killed Psyche
  9201 | D:8      | Found a sacrificial altar of Ru.
  9232 | D:8      | Found the +7 Throatcutter {drain, coup de grace}
  9235 | D:8      | Noticed a sixfirhy
  9256 | D:8      | Noticed a rust devil
  9264 | D:8      | Noticed an orange demon
  9436 | D:8      | Found a bloodstained altar of Trog.
  9436 | D:8      | Identified the Catalogue of Retrieval
  9687 | D:8      | Reached skill level 13 in Unarmed Combat
  9913 | D:8      | Found a bloodstained altar of Trog.
 10384 | D:8      | Found a sacrificial altar of Ru.
 10557 | D:9      | Noticed a four-headed hydra
 10572 | D:9      | Killed a four-headed hydra
 10573 | D:9      | Reached XP level 11. HP: 53/102 MP: 10/10
 10775 | D:9      | Reached skill level 10 in Fighting
 10998 | D:9      | Found a radiant altar of Vehumet.
 11042 | D:9      | Found a staircase to the Orcish Mines.
 11055 | D:9      | Reached skill level 5 in Shields
 11322 | D:9      | Noticed a boulder beetle
 11335 | D:9      | Killed a boulder beetle
 11758 | D:10     | Entered Level 10 of the Dungeon
 11882 | D:10     | Noticed a two-headed ogre
 11894 | D:10     | Killed a two-headed ogre
 12037 | D:10     | Identified the ring "Memoan" {rF+ Str+2}
 12139 | D:10     | Noticed fluxer's ghost (novice HOFi)
 12140 | D:10     | Found a transporter.
 12280 | D:10     | Found a staircase to the Lair.
 12325 | D:10     | Found a transporter.
 12456 | D:10     | Noticed a wizard
 12473 | D:10     | Killed a wizard
 12657 | Lair:1   | Entered Level 1 of the Lair of Beasts
 12679 | Lair:1   | Reached skill level 14 in Unarmed Combat
 12736 | Lair:1   | Found a dark tunnel.
 12745 | Volcano  | Entered a volcano
 12761 | Volcano  | Noticed a salamander mystic
 12776 | Volcano  | Killed a salamander mystic
 12777 | Volcano  | Reached skill level 5 in Evocations
 12873 | Volcano  | Found a burning altar of Makhleb.
 12899 | Volcano  | Noticed a red draconian
 13012 | Volcano  | Killed a red draconian
 13013 | Volcano  | Reached XP level 12. HP: 30/115 MP: 11/11
 13040 | Volcano  | HP: 5/115 [salamander/+0 trident (5)]
 13040 | Volcano  | Slain by a salamander

Illustrated notes

Levels and vault maps discovered:
D:1:      kilobyte_arrival_exit_the_forest, layout_loops_corners
D:2:      layout_rooms, shapermc_ecumenical_altar_mp_urbaneastern, uniq_sigmund
D:3:      layout_loops_ring, nicolae_overflow_crystal_walls,
          lexackson_kobold_supper
D:4:      layout_loops_corners, serial_glass, glass_columns_a, glass_columns_b,
          glass_columns_a, glass_columns_c, glass_columns_a, glass_columns_a,
          glass_columns_b, glass_columns_b, chequers_serial_rivers_micro_b
D:5:      layout_loops_ring, riverfiend_overflow_shadow_ancestor,
          amcnicky_altar_gilded, minmay_temple_entry_antechambers,
          gammafunk_ghost_necromancy, nicolae_concentric_dashed_squares_mild
D:6:      layout_basic, st_stairs_5
D:7:      layout_basic, xom_shifter_show, minmay_tree_intersection, uniq_maggie
D:8:      layout_layer_cave, trog_book, lemuel_coloured_pillars_altar,
          enter_bailey_5, dilly_guarded_unrand_throatcut, uniq_psyche,
          uniq_joseph, uniq_maurice
D:9:      layout_loops_ring, vehumet_statue,
          kennysheep_orc_monster_closet_entryway
D:10:     layout_long_grid, lair_entry_dummy, gammafunk_ghost_arena,
          minmay_librarian
Lair:1:   layout_cave_pods, enter_volcano_1, minmay_shattered_shrine
Volcano:  kennysheep_volcano_temple

Skill      XL: |  1  2  3  4  5  6  7  8  9 10 11 |
---------------+----------------------------------+-----
Unarmed Combat | 1 2 3 5 6 8 9 11 13 14 | 14.0
Fighting       | 3 4 5 6 8 9 11 | 11.2
Armour         | 2 4 7 9 |  9.5
Shields        | 2 3 4 6 |  6.4
Evocations     | 1 2 4 6 |  6.2
Short Blades   | |  2.1
Throwing       | |  2.0
Dodging        | |  1.1
Stealth        | |  3.2

Action                     |  1- 3 |  4- 6 |  7- 9 | 10-12 || total
---------------------------+-------+-------+-------+-------++-------
  Melee: Dagger            |   103 |    69 |       |       ||   172
         Headbutt          |    20 |    22 |    53 |    74 ||   169
         Punch             |     1 |     5 |       |       ||     6
         Unarmed           |       |    65 |   334 |   367 ||   766
  Throw: Dart              |     1 |     1 |     3 |     1 ||     6
 Invoke: Curse Item        |       |       |     4 |     3 ||     7
         Shatter the Chain |       |       |       |     1 ||     1
  Evoke: Wand              |       |       |     5 |     8 ||    13
    Use: Potion            |       |    10 |     7 |     5 ||    22
         Scroll            |       |     1 |     2 |     2 ||     5
   Stab: Sleeping          |     1 |       |       |     1 ||     2
         Invisible         |       |     4 |     6 |       ||    10
 Armour: Chain mail        |    48 |    38 |   152 |   120 ||   358
         Robe              |     6 |       |       |       ||     6
         Skin              |       |    10 |       |       ||    10
  Dodge: Dodged            |    47 |    42 |   138 |   117 ||   344
  Block: Buckler           |       |     7 |    21 |       ||    28
         Kite shield       |       |       |    59 |   146 ||   205

Table legend: (Time is in decaauts)
 A = Elapsed time spent in this place.
 B = Non-inter-level travel time spent in this place.
 C = Inter-level travel time spent in this place.
 D = Time resting spent in this place.
 E = Time spent auto-exploring this place.
 F = Levels seen in this place.
 G = Mean time per level.
                   A        B        C        D        E       F      G
               +--------+--------+--------+--------+--------+-----+--------+
         Total |  12889 |  12496 |    393 |   1816 |   7047 |  13 |  991.5 |
       Dungeon |  12225 |  11832 |    393 |   1617 |   6960 |  10 | 1222.5 |
          Lair |     85 |     85 |      0 |      0 |      0 |   1 |   85.0 |
        Bailey |    302 |    302 |      0 |     34 |     87 |   1 |  302.0 |
       Volcano |    277 |    277 |      0 |    165 |      0 |   1 |  277.0 |
               +--------+--------+--------+--------+--------+-----+--------+

Top non-repeatable levels by time:
     D:8: 2497 daAuts
     D:5: 1341 daAuts
     D:6: 1266 daAuts
     D:4: 1247 daAuts
     D:9: 1234 daAuts
     D:7: 1136 daAuts
     D:1: 1047 daAuts
    D:10: 891 daAuts
     D:2: 821 daAuts
     D:3: 741 daAuts
  Bailey: 302 daAuts
 Volcano: 277 daAuts
  Lair:1: 85 daAuts
